Capitals vs Rangers

Created - September-13-13 at 17:46

Simulating a Pre-Season

Goals
1 2 3 T
Capitals 1 0 0 1
Rangers 5 1 1 7
Shots
1 2 3 T
Capitals 4 0 8 12
Rangers 13 7 6 26

1st period

1. Rangers , David Legwand 2 (Francois Beauchemin) at 4:40
2. Rangers , Alex Goligoski 1 (Radim Vrbata, Francois Beauchemin) at 5:11 (PP)
3. Rangers , Alex Goligoski 2 (Radim Vrbata, Brandon Dubinsky) at 7:18 (PP)
4. Capitals , Mike Green 1 (Tomas Fleischmann, Taylor Hall) at 10:11 (PP)
5. Rangers , Frans Nielsen 3 (Ilya Kovalchuk, Troy Brouwer) at 11:12
6. Rangers , Vinny Prospal 2 (Stephane Robidas, Ville Leino) at 19:12

Penalties :
Brandon Dubinsky (NYR) for Holding Stick (Minor) at 0:16, Alexander Semin (WSH) for Hooking (Minor) at 4:55, Marc Methot (WSH) for Tripping (Minor) at 6:41, Ryane Clowe (WSH) for High sticking (Minor) at 8:02, Stephane Robidas (NYR) for Hooking (Minor) at 9:59, Dan Girardi (NYR) for Interference (Minor) at 12:44, Vinny Prospal (NYR) for Holding (Minor) at 15:17

2nd period

7. Rangers , Rob Scuderi 1 (Chris Kunitz) at 7:33

Penalties :
Alex Goligoski (NYR) for Hooking (Minor) at 5:08, Alexander Ovechkin (WSH) for Tripping (Minor) at 15:21

3rd period

8. Rangers , Alex Goligoski 3 (Ilya Kovalchuk, Frans Nielsen) at 6:28 (PP)

Penalties :
Stephane Robidas (NYR) for Tripping (Minor) at 0:03, Alexander Ovechkin (WSH) for Holding Stick (Minor) at 6:20, Troy Brouwer (NYR) for Holding (Minor) at 6:53, Alexander Semin (WSH) for Interference (Minor) at 12:37, Ryane Clowe (WSH) for High sticking (Minor) at 19:31

Goalie Stats

James Reimer (WSH), 14 saves from 17 shots - (0.824), 48:48 minutes
Jimmy Howard (WSH), 5 saves from 9 shots - (0.556), L, 3-2-0, 11:12 minutes
Tomas Vokoun (NYR), 11 saves from 12 shots - (0.917), W, 3-1-0, 60:00 minutes

Players Stats for Capitals

Player Name              G  A  P  +/- PIM S  H  SB GA TA FO     MP     PP MP  PK MP  
------------------------------------------------------------------------------------
Alexander Ovechkin       0  0  0  -1  4   3  4  0  0  0  2/3    25:12   6:30   0:42 
Alexander Semin          0  0  0  -2  4   3  2  0  0  0  0/1    22:27   6:30   3:50 
Alexei Kovalev           0  0  0   0  0   0  0  0  0  0  1/1    12:39   0:00   0:00 
Cody Eakin               0  0  0  -1  0   0  1  0  0  0  1/1     7:09   0:00   1:31 
Corey Potter             0  0  0  -1  0   0  0  0  0  0  0/0    13:46   0:00   0:58 
Daniel Briere            0  0  0  -2  0   0  1  0  0  0  9/17   12:41   0:00   0:32 
Douglas Murray           0  0  0  -1  0   0  1  0  0  0  0/0    13:02   0:14   0:00 
Jay Harrison             0  0  0  -2  0   0  2  0  0  0  0/0    21:35   5:30   2:59 
Jiri Tlusty              0  0  0   0  0   3  3  0  0  0  9/24   20:28   6:30   1:19 
Marc Methot              0  0  0  -2  2   0  2  1  0  0  0/0    22:43   6:20   3:20 
Mathieu Perreault        0  0  0  -1  0   0  1  0  0  0  2/9    10:55   5:34   0:00 
Matt Stajan              0  0  0  -1  0   0  0  0  0  0  10/22  15:56   0:00   5:35 
Mike Green               1  0  1  -1  0   1  3  4  0  0  0/0    22:22   5:30   3:28 
Ryan McDonagh            0  0  0  -1  0   1  5  2  0  0  0/0    25:15   6:34   4:03 
Ryane Clowe              0  0  0  -1  4   0  2  1  0  0  1/1    10:19   0:00   0:00 
Taylor Hall              0  1  1  -2  0   1  0  0  0  0  0/0    19:04   5:34   1:19 
Tom Poti                 0  0  0   0  0   0  0  0  0  0  0/0     1:16   0:00   0:00 
Tomas Fleischmann        0  1  1  -1  0   0  0  0  0  0  0/1    15:38   5:34   0:00 

Players Stats for Rangers

Player Name              G  A  P  +/- PIM S  H  SB GA TA FO     MP     PP MP  PK MP  
------------------------------------------------------------------------------------
Alex Goligoski           3  0  3   1  2   5  1  1  0  0  0/0    16:06   4:15   0:25 
Benoit Pouliot           0  0  0   0  0   0  1  0  0  0  0/0     5:32   0:00   0:28 
Brandon Dubinsky         0  1  1   1  2   0  4  0  0  0  7/17   18:55   4:27   0:00 
Chris Kunitz             0  1  1   1  0   3  3  0  0  0  2/4    18:56   4:27   0:00 
Craig Adams              0  0  0   0  0   1  0  0  0  0  7/11    8:58   0:00   3:54 
Dan Girardi              0  0  0   1  2   1  0  3  0  0  0/0    19:39   0:27   5:03 
David Legwand            1  0  1   2  0   2  0  1  0  0  8/13   11:01   0:00   1:24 
Derek Morris             0  0  0   1  0   0  3  0  0  0  0/0    22:49   3:09   5:32 
Francois Beauchemin      0  2  2   2  0   0  1  1  0  0  0/0    25:17   3:48   6:32 
Frans Nielsen            1  1  2   1  0   1  0  0  0  0  18/31  22:01   2:57   7:42 
Ilya Kovalchuk           0  2  2   1  0   1  0  0  0  0  0/1    14:19   2:57   0:00 
Matt Read                0  0  0   0  0   2  0  0  0  0  0/0     8:58   0:00   3:54 
Radim Vrbata             0  2  2   1  0   2  0  0  0  0  2/2    18:54   4:27   0:00 
Rob Scuderi              1  0  1   1  0   1  0  1  0  0  0/0    13:30   0:00   2:03 
Stephane Robidas         0  1  1   2  4   2  4  2  0  0  0/0    22:35   3:08   4:33 
Troy Brouwer             0  1  1   1  2   1  4  0  0  0  0/0    20:35   2:57   6:17 
Ville Leino              0  1  1   2  0   3  0  0  0  0  1/1     9:37   0:00   0:00 
Vinny Prospal            1  0  1   2  2   1  1  0  0  0  0/0    10:05   0:00   0:29 

3 Stars

1 - Alex Goligoski (NYR)
2 - Frans Nielsen (NYR)
3 - Francois Beauchemin (NYR)

Power Play

Capitals - 1 on 7 Attempt(s) - 14.29%
Rangers - 3 on 7 Attempt(s) - 42.86%

Penalty Kill

Capitals - 4 on 7 Attempt(s) - 57.14% - Score 0 goal in Penalty Kill
Rangers - 6 on 7 Attempt(s) - 85.71% - Score 0 goal in Penalty Kill

Official

Referees : Marc Joannette and Kevin Pollock
Linesman : Brad Lazarowich and David Brisebois

Game Notes

James Reimer enters game at 11:12 of 1st period
Alex Goligoski has scored a Hat Trick!

% Time on Ice - Capitals

Lines # - Real PCT - Wanted PCT - Time Play
Normal Forward
1 - 31% - 35% - 12:39
2 - 30% - 30% - 12:09
3 - 26% - 23% - 10:21
4 - 13% - 12% - 5:21
Normal Defense
1 - 33% - 35% - 13:22
2 - 32% - 30% - 13:04
3 - 32% - 24% - 12:48
4 - 3% - 11% - 1:16
PP Forward
1 - 54% - 60% - 6:30
2 - 46% - 40% - 5:34
PP Defense
1 - 54% - 60% - 6:34
2 - 46% - 40% - 5:30
PK Forward
1 - 82% - 60% - 6:05
2 - 18% - 40% - 1:19
PK Defense
1 - 54% - 60% - 3:59
2 - 46% - 40% - 3:25
PK3 Forward
1 - 0% - 60%
2 - 0% - 40%
PK3 Defense
1 - 0% - 60%
2 - 0% - 40%
44 Forward
1 - 100% - 60% - 0:02
2 - 0% - 40% - 0:00
44 Defense
1 - 0% - 60% - 0:00
2 - 100% - 40% - 0:02
Last Minute Offensive  - 0:00
Last Minute Defensive  - 0:00
Total
Forward - 60:00
Defense - 60:00

% Time on Ice - Rangers

Lines # - Real PCT - Wanted PCT - Time Play
Normal Forward
1 - 36% - 40% - 14:27
2 - 28% - 30% - 11:22
3 - 24% - 20% - 9:37
4 - 13% - 10% - 5:04
Normal Defense
1 - 37% - 40% - 14:55
2 - 35% - 30% - 14:08
3 - 28% - 20% - 11:27
4 - 0% - 10% - 0:00
PP Forward
1 - 60% - 60% - 4:27
2 - 40% - 40% - 2:57
PP Defense
1 - 57% - 60% - 4:15
2 - 43% - 40% - 3:09
PK Forward
1 - 68% - 60% - 8:10
2 - 32% - 40% - 3:54
PK Defense
1 - 54% - 60% - 6:32
2 - 46% - 40% - 5:32
PK3 Forward
1 - 0% - 60%
2 - 0% - 40%
PK3 Defense
1 - 0% - 60%
2 - 0% - 40%
44 Forward
1 - 100% - 60% - 0:02
2 - 0% - 40% - 0:00
44 Defense
1 - 100% - 60% - 0:02
2 - 0% - 40% - 0:00
Last Minute Offensive  - 0:00
Last Minute Defensive  - 0:00
Total
Forward - 60:00
Defense - 60:00

Play by Play

1st period


0:01 of 1st period - Alexei Kovalev wins face-off versus Brandon Dubinsky in neutral zone.
0:07 of 1st period - Icing by Francois Beauchemin.
0:08 of 1st period - Chris Kunitz wins face-off versus Daniel Briere in Rangers zone.
0:16 of 1st period - Minor Penalty to Brandon Dubinsky for Holding Stick.
0:17 of 1st period - Frans Nielsen wins face-off versus Jiri Tlusty in Rangers zone.
0:25 of 1st period - Jiri Tlusty is hit by Stephane Robidas and loses puck.
1:21 of 1st period - Shot by Mike Green.
1:21 of 1st period - Shot Misses the Net.
1:23 of 1st period - Shot by Jay Harrison.
1:23 of 1st period - Shot Blocked by Stephane Robidas.
1:25 of 1st period - Shot by Tomas Fleischmann.
1:25 of 1st period - Shot Misses the Net.
2:25 of 1st period - Shot by Matt Stajan.
2:25 of 1st period - Shot Misses the Net.
2:27 of 1st period - Shot by Douglas Murray.
2:27 of 1st period - Shot Blocked by Alex Goligoski.
3:52 of 1st period - Shot by Alexander Semin.
3:52 of 1st period - Stopped by Tomas Vokoun without a rebound.
3:53 of 1st period - Jiri Tlusty wins face-off versus Frans Nielsen in Rangers zone.
4:15 of 1st period - Troy Brouwer is hit by Marc Methot and loses puck.
4:32 of 1st period - Shot by Troy Brouwer.
4:32 of 1st period - Deflect By Ilya Kovalchuk.
4:32 of 1st period - Shot Misses the Net.
4:34 of 1st period - Shot by Dan Girardi.
4:34 of 1st period - Stopped by Jimmy Howard without a rebound.
4:35 of 1st period - David Legwand wins face-off versus Daniel Briere in Capitals zone.
4:40 of 1st period - Shot by David Legwand.
4:40 of 1st period - Goal by David Legwand - Capitals : 0 - Rangers : 1.
4:41 of 1st period - Craig Adams wins face-off versus Daniel Briere in neutral zone.
4:41 of 1st period - Francois Beauchemin is hit by Alexander Semin and loses puck.
4:54 of 1st period - Shot by Taylor Hall.
4:54 of 1st period - Shot Misses the Net.
4:55 of 1st period - Minor Penalty to Alexander Semin for Hooking.
4:56 of 1st period - Matt Stajan wins face-off versus Brandon Dubinsky in Capitals zone.
5:05 of 1st period - Shot by Alex Goligoski.
5:05 of 1st period - Shot Blocked by Mike Green.
5:09 of 1st period - Shot by Radim Vrbata.
5:09 of 1st period - Shot Blocked by Mike Green.
5:11 of 1st period - Shot by Alex Goligoski.
5:11 of 1st period - Goal by Alex Goligoski - Capitals : 0 - Rangers : 2.
5:12 of 1st period - Jiri Tlusty wins face-off versus Frans Nielsen in neutral zone.
5:44 of 1st period - Shot by Frans Nielsen.
5:44 of 1st period - Shot Misses the Net.
5:46 of 1st period - Shot by Frans Nielsen.
5:46 of 1st period - Shot Misses the Net.
5:51 of 1st period - Ilya Kovalchuk is hit by Ryan McDonagh and loses puck.
5:55 of 1st period - Ilya Kovalchuk is hit by Ryan McDonagh and loses puck.
6:23 of 1st period - Ilya Kovalchuk is hit by Daniel Briere and loses puck.
6:41 of 1st period - Minor Penalty to Marc Methot for Tripping.
6:42 of 1st period - Radim Vrbata wins face-off versus Matt Stajan in Capitals zone.
7:02 of 1st period - Jay Harrison is hit by Brandon Dubinsky.
7:18 of 1st period - Shot by Alex Goligoski.
7:18 of 1st period - Goal by Alex Goligoski - Capitals : 0 - Rangers : 3.
7:19 of 1st period - David Legwand wins face-off versus Mathieu Perreault in neutral zone.
7:32 of 1st period - Francois Beauchemin is hit by Cody Eakin and loses puck.
7:55 of 1st period - Icing by Stephane Robidas.
7:56 of 1st period - Matt Stajan wins face-off versus David Legwand in Rangers zone.
8:02 of 1st period - Minor Penalty to Ryane Clowe for High sticking.
8:03 of 1st period - Matt Stajan wins face-off versus Brandon Dubinsky in Capitals zone.
8:21 of 1st period - Brandon Dubinsky is hit by Jiri Tlusty and loses puck.
8:39 of 1st period - Shot by Stephane Robidas.
8:39 of 1st period - Stopped by Jimmy Howard without a rebound.
8:40 of 1st period - Frans Nielsen wins face-off versus Matt Stajan in Capitals zone.
8:53 of 1st period - Matt Stajan is hit by Troy Brouwer and loses puck.
9:14 of 1st period - Shot by Alex Goligoski.
9:14 of 1st period - Stopped by Jimmy Howard without a rebound.
9:15 of 1st period - Brandon Dubinsky wins face-off versus Matt Stajan in Capitals zone.
9:54 of 1st period - Shot by Stephane Robidas.
9:54 of 1st period - Shot Blocked by Ryan McDonagh.
9:59 of 1st period - Minor Penalty to Stephane Robidas for Hooking.
10:00 of 1st period - Alexander Ovechkin wins face-off versus Chris Kunitz in Rangers zone.
10:09 of 1st period - Shot by Tomas Fleischmann.
10:09 of 1st period - Shot Misses the Net.
10:11 of 1st period - Shot by Mike Green.
10:11 of 1st period - Goal by Mike Green - Capitals : 1 - Rangers : 3.
10:12 of 1st period - David Legwand wins face-off versus Jiri Tlusty in neutral zone.
10:17 of 1st period - Shot by Ville Leino.
10:17 of 1st period - Stopped by Jimmy Howard with a rebound.
10:25 of 1st period - Shot by Ville Leino.
10:25 of 1st period - Deflect By David Legwand.
10:25 of 1st period - Stopped by Jimmy Howard without a rebound.
10:26 of 1st period - Frans Nielsen wins face-off versus Daniel Briere in Capitals zone.
10:26 of 1st period - Frans Nielsen is hit by Jay Harrison.
10:46 of 1st period - Shot by Ilya Kovalchuk.
10:46 of 1st period - Shot Misses the Net.
11:00 of 1st period - Shot by Derek Morris.
11:00 of 1st period - Shot Misses the Net.
11:02 of 1st period - Shot by Derek Morris.
11:02 of 1st period - Deflect By Troy Brouwer.
11:02 of 1st period - Shot Misses the Net.
11:12 of 1st period - Shot by Frans Nielsen.
11:12 of 1st period - Goal by Frans Nielsen - Capitals : 1 - Rangers : 4.
11:12 of 1st period - James Reimer enters game.
11:13 of 1st period - Jiri Tlusty wins face-off versus Brandon Dubinsky in neutral zone.
11:13 of 1st period - Alexander Ovechkin is hit by Brandon Dubinsky and loses puck.
11:19 of 1st period - Icing by Jiri Tlusty.
11:20 of 1st period - Jiri Tlusty wins face-off versus Brandon Dubinsky in Capitals zone.
11:43 of 1st period - Shot by Alexander Ovechkin.
11:43 of 1st period - Shot Blocked by Stephane Robidas.
11:52 of 1st period - Icing by Ryan McDonagh.
11:53 of 1st period - Craig Adams wins face-off versus Jiri Tlusty in Capitals zone.
12:10 of 1st period - Shot by Jiri Tlusty.
12:10 of 1st period - Stopped by Tomas Vokoun without a rebound.
12:11 of 1st period - David Legwand wins face-off versus Matt Stajan in Rangers zone.
12:44 of 1st period - Minor Penalty to Dan Girardi for Interference.
12:45 of 1st period - Frans Nielsen wins face-off versus Jiri Tlusty in Rangers zone.
12:45 of 1st period - Frans Nielsen is hit by Jiri Tlusty.
12:56 of 1st period - Icing by Alexander Ovechkin.
12:57 of 1st period - Frans Nielsen wins face-off versus Jiri Tlusty in Capitals zone.
13:10 of 1st period - Shot by Alexander Ovechkin.
13:10 of 1st period - Stopped by Tomas Vokoun without a rebound.
13:11 of 1st period - Frans Nielsen wins face-off versus Mathieu Perreault in Rangers zone.
13:31 of 1st period - Mike Green is hit by Francois Beauchemin and loses puck.
15:00 of 1st period - Shot by Chris Kunitz.
15:00 of 1st period - Stopped by James Reimer without a rebound.
15:01 of 1st period - David Legwand wins face-off versus Matt Stajan in Capitals zone.
15:12 of 1st period - Shot by Ville Leino.
15:12 of 1st period - Shot Blocked by Ryane Clowe.
15:17 of 1st period - Minor Penalty to Vinny Prospal for Holding.
15:18 of 1st period - Jiri Tlusty wins face-off versus Craig Adams in Rangers zone.
16:56 of 1st period - Shot by Troy Brouwer.
16:56 of 1st period - Shot Misses the Net.
19:06 of 1st period - Shot by Vinny Prospal.
19:06 of 1st period - Shot Blocked by Marc Methot.
19:08 of 1st period - Shot by Ville Leino.
19:08 of 1st period - Stopped by James Reimer with a rebound.
19:10 of 1st period - Shot by Stephane Robidas.
19:10 of 1st period - Shot Misses the Net.
19:12 of 1st period - Shot by Vinny Prospal.
19:12 of 1st period - Goal by Vinny Prospal - Capitals : 1 - Rangers : 5.
19:13 of 1st period - Frans Nielsen wins face-off versus Matt Stajan in neutral zone.
19:16 of 1st period - Douglas Murray is hit by Troy Brouwer and loses puck.
19:33 of 1st period - Icing by Tomas Fleischmann.
19:34 of 1st period - Ryane Clowe wins face-off versus Craig Adams in Capitals zone.
19:34 of 1st period - Ryane Clowe is hit by Benoit Pouliot.
19:54 of 1st period - Shot by Matt Read.
19:54 of 1st period - Stopped by James Reimer without a rebound.
19:55 of 1st period - Daniel Briere wins face-off versus Frans Nielsen in Capitals zone.

2nd period


0:01 of 2nd period - Jiri Tlusty wins face-off versus Brandon Dubinsky in neutral zone.
0:15 of 2nd period - Icing by Francois Beauchemin.
0:16 of 2nd period - Chris Kunitz wins face-off versus Daniel Briere in Rangers zone.
0:27 of 2nd period - Icing by Marc Methot.
0:28 of 2nd period - Daniel Briere wins face-off versus Frans Nielsen in Capitals zone.
0:35 of 2nd period - Shot by Taylor Hall.
0:35 of 2nd period - Shot Misses the Net.
1:36 of 2nd period - Radim Vrbata is hit by Alexander Ovechkin and loses puck.
1:48 of 2nd period - Shot by Brandon Dubinsky.
1:48 of 2nd period - Shot Misses the Net.
1:50 of 2nd period - Shot by Chris Kunitz.
1:50 of 2nd period - Deflect By Brandon Dubinsky.
1:50 of 2nd period - Shot Misses the Net.
1:54 of 2nd period - Shot by Chris Kunitz.
1:54 of 2nd period - Shot Blocked by Mike Green.
2:07 of 2nd period - Francois Beauchemin is hit by Alexander Ovechkin and loses puck.
2:13 of 2nd period - Off-side.
2:14 of 2nd period - Matt Stajan wins face-off versus David Legwand in neutral zone.
2:25 of 2nd period - Shot by Ville Leino.
2:25 of 2nd period - Stopped by James Reimer without a rebound.
2:26 of 2nd period - Matt Stajan wins face-off versus Frans Nielsen in Capitals zone.
2:48 of 2nd period - Shot by Ilya Kovalchuk.
2:48 of 2nd period - Stopped by James Reimer without a rebound.
2:49 of 2nd period - Daniel Briere wins face-off versus David Legwand in Capitals zone.
2:53 of 2nd period - Icing by Taylor Hall.
2:54 of 2nd period - Daniel Briere wins face-off versus Brandon Dubinsky in Capitals zone.
2:54 of 2nd period - Daniel Briere is hit by Brandon Dubinsky.
3:15 of 2nd period - Chris Kunitz is hit by Ryan McDonagh and loses puck.
3:22 of 2nd period - Shot by Brandon Dubinsky.
3:22 of 2nd period - Shot Misses the Net.
3:38 of 2nd period - Shot by Chris Kunitz.
3:38 of 2nd period - Stopped by James Reimer without a rebound.
3:39 of 2nd period - Frans Nielsen wins face-off versus Jiri Tlusty in Capitals zone.
4:50 of 2nd period - Vinny Prospal is hit by Douglas Murray and loses puck.
5:08 of 2nd period - Minor Penalty to Alex Goligoski for Hooking.
5:09 of 2nd period - Frans Nielsen wins face-off versus Mathieu Perreault in Rangers zone.
5:09 of 2nd period - Frans Nielsen is hit by Mathieu Perreault.
6:07 of 2nd period - Shot by Jiri Tlusty.
6:07 of 2nd period - Shot Misses the Net.
6:09 of 2nd period - Shot by Mike Green.
6:09 of 2nd period - Shot Blocked by Dan Girardi.
6:11 of 2nd period - Shot by Jay Harrison.
6:11 of 2nd period - Shot Misses the Net.
6:37 of 2nd period - Shot by Matt Read.
6:37 of 2nd period - Stopped by James Reimer without a rebound.
6:38 of 2nd period - Craig Adams wins face-off versus Alexander Ovechkin in Capitals zone.
6:42 of 2nd period - Icing by Alexander Ovechkin.
6:43 of 2nd period - Craig Adams wins face-off versus Jiri Tlusty in Capitals zone.
7:31 of 2nd period - Shot by Chris Kunitz.
7:31 of 2nd period - Shot Misses the Net.
7:33 of 2nd period - Shot by Rob Scuderi.
7:33 of 2nd period - Goal by Rob Scuderi - Capitals : 1 - Rangers : 6.
7:34 of 2nd period - Daniel Briere wins face-off versus David Legwand in neutral zone.
8:03 of 2nd period - Alexander Semin is hit by Stephane Robidas and loses puck.
8:57 of 2nd period - Shot by Alexander Ovechkin.
8:57 of 2nd period - Shot Misses the Net.
9:36 of 2nd period - Icing by Corey Potter.
9:37 of 2nd period - Alexander Ovechkin wins face-off versus Frans Nielsen in Capitals zone.
10:15 of 2nd period - Tomas Fleischmann is hit by Alex Goligoski and loses puck.
11:17 of 2nd period - Off-side.
11:18 of 2nd period - Brandon Dubinsky wins face-off versus Daniel Briere in neutral zone.
11:18 of 2nd period - Chris Kunitz is hit by Alexander Semin and loses puck.
11:24 of 2nd period - Icing by Chris Kunitz.
11:25 of 2nd period - Daniel Briere wins face-off versus Brandon Dubinsky in Rangers zone.
11:25 of 2nd period - Daniel Briere is hit by Derek Morris.
11:43 of 2nd period - Shot by Chris Kunitz.
11:43 of 2nd period - Deflect By Brandon Dubinsky.
11:43 of 2nd period - Shot Blocked by Ryan McDonagh.
12:38 of 2nd period - Shot by Alex Goligoski.
12:38 of 2nd period - Stopped by James Reimer without a rebound.
12:39 of 2nd period - Cody Eakin wins face-off versus Craig Adams in Capitals zone.
12:44 of 2nd period - Shot by Alexander Ovechkin.
12:44 of 2nd period - Shot Misses the Net.
12:56 of 2nd period - Shot by Mathieu Perreault.
12:56 of 2nd period - Shot Misses the Net.
13:16 of 2nd period - Shot by Alexander Ovechkin.
13:16 of 2nd period - Shot Blocked by Francois Beauchemin.
13:29 of 2nd period - Icing by Francois Beauchemin.
13:30 of 2nd period - Craig Adams wins face-off versus Matt Stajan in Rangers zone.
13:32 of 2nd period - Icing by Stephane Robidas.
13:33 of 2nd period - Craig Adams wins face-off versus Daniel Briere in Rangers zone.
14:07 of 2nd period - Shot by Taylor Hall.
14:07 of 2nd period - Shot Misses the Net.
15:21 of 2nd period - Minor Penalty to Alexander Ovechkin for Tripping.
15:22 of 2nd period - Matt Stajan wins face-off versus Ilya Kovalchuk in Capitals zone.
15:33 of 2nd period - Matt Stajan is hit by Troy Brouwer and loses puck.
15:48 of 2nd period - Shot by Troy Brouwer.
15:48 of 2nd period - Stopped by James Reimer without a rebound.
15:49 of 2nd period - Matt Stajan wins face-off versus Chris Kunitz in Capitals zone.
15:49 of 2nd period - Matt Stajan is hit by Chris Kunitz.
17:08 of 2nd period - Shot by Stephane Robidas.
17:08 of 2nd period - Shot Misses the Net.
17:25 of 2nd period - Off-side.
17:26 of 2nd period - David Legwand wins face-off versus Mathieu Perreault in neutral zone.
17:54 of 2nd period - Icing by Corey Potter.
17:55 of 2nd period - Mathieu Perreault wins face-off versus Craig Adams in Capitals zone.
19:15 of 2nd period - Off-side.
19:16 of 2nd period - Daniel Briere wins face-off versus Frans Nielsen in neutral zone.
19:25 of 2nd period - Icing by Alexander Semin.
19:26 of 2nd period - Frans Nielsen wins face-off versus Daniel Briere in Capitals zone.

3rd period


0:01 of 3rd period - Jiri Tlusty wins face-off versus Brandon Dubinsky in neutral zone.
0:03 of 3rd period - Minor Penalty to Stephane Robidas for Tripping.
0:04 of 3rd period - Frans Nielsen wins face-off versus Jiri Tlusty in Rangers zone.
0:15 of 3rd period - Derek Morris is hit by Jiri Tlusty and loses puck.
0:29 of 3rd period - Icing by Ryan McDonagh.
0:30 of 3rd period - Jiri Tlusty wins face-off versus Frans Nielsen in Capitals zone.
0:36 of 3rd period - Off-side.
0:37 of 3rd period - Frans Nielsen wins face-off versus Mathieu Perreault in neutral zone.
0:54 of 3rd period - Shot by Mike Green.
0:54 of 3rd period - Shot Blocked by Rob Scuderi.
2:13 of 3rd period - Off-side.
2:14 of 3rd period - Ville Leino wins face-off versus Jiri Tlusty in neutral zone.
2:19 of 3rd period - Shot by Vinny Prospal.
2:19 of 3rd period - Shot Misses the Net.
2:25 of 3rd period - Douglas Murray is hit by Vinny Prospal and loses puck.
3:09 of 3rd period - Alex Goligoski is hit by Mike Green and loses puck.
3:33 of 3rd period - Stephane Robidas is hit by Mike Green.
3:39 of 3rd period - Shot by Radim Vrbata.
3:39 of 3rd period - Stopped by James Reimer without a rebound.
3:40 of 3rd period - Matt Stajan wins face-off versus Frans Nielsen in Capitals zone.
3:48 of 3rd period - Marc Methot is hit by Derek Morris and loses puck.
4:14 of 3rd period - Icing by Tomas Fleischmann.
4:15 of 3rd period - Matt Stajan wins face-off versus Brandon Dubinsky in Capitals zone.
4:15 of 3rd period - Matt Stajan is hit by Chris Kunitz.
4:32 of 3rd period - Jay Harrison is hit by Brandon Dubinsky and loses puck.
4:46 of 3rd period - Icing by Marc Methot.
4:47 of 3rd period - Frans Nielsen wins face-off versus Matt Stajan in Capitals zone.
5:06 of 3rd period - Shot by Alexander Ovechkin.
5:06 of 3rd period - Stopped by Tomas Vokoun without a rebound.
5:07 of 3rd period - Jiri Tlusty wins face-off versus David Legwand in Rangers zone.
5:12 of 3rd period - Shot by Alexander Ovechkin.
5:12 of 3rd period - Shot Misses the Net.
5:33 of 3rd period - Shot by Vinny Prospal.
5:33 of 3rd period - Shot Misses the Net.
6:18 of 3rd period - Mike Green is hit by Derek Morris and loses puck.
6:20 of 3rd period - Minor Penalty to Alexander Ovechkin for Holding Stick.
6:21 of 3rd period - Frans Nielsen wins face-off versus Matt Stajan in Capitals zone.
6:28 of 3rd period - Shot by Alex Goligoski.
6:28 of 3rd period - Goal by Alex Goligoski - Capitals : 1 - Rangers : 7.
6:29 of 3rd period - Daniel Briere wins face-off versus Frans Nielsen in neutral zone.
6:47 of 3rd period - Taylor Hall is hit by Troy Brouwer and loses puck.
6:53 of 3rd period - Minor Penalty to Troy Brouwer for Holding.
6:54 of 3rd period - Frans Nielsen wins face-off versus Mathieu Perreault in Rangers zone.
7:26 of 3rd period - Icing by Ryan McDonagh.
7:27 of 3rd period - Mathieu Perreault wins face-off versus Frans Nielsen in Capitals zone.
8:16 of 3rd period - Shot by Mike Green.
8:16 of 3rd period - Deflect By Alexander Semin.
8:16 of 3rd period - Stopped by Tomas Vokoun with a rebound.
8:18 of 3rd period - Shot by Alexander Ovechkin.
8:18 of 3rd period - Stopped by Tomas Vokoun without a rebound.
8:19 of 3rd period - Frans Nielsen wins face-off versus Jiri Tlusty in Rangers zone.
8:28 of 3rd period - Shot by Jiri Tlusty.
8:28 of 3rd period - Stopped by Tomas Vokoun with a rebound.
8:40 of 3rd period - Shot by Alexander Ovechkin.
8:40 of 3rd period - Shot Misses the Net.
8:42 of 3rd period - Shot by Jiri Tlusty.
8:42 of 3rd period - Shot Blocked by David Legwand.
8:44 of 3rd period - Shot by Alexander Semin.
8:44 of 3rd period - Shot Misses the Net.
8:46 of 3rd period - Shot by Jiri Tlusty.
8:46 of 3rd period - Shot Blocked by Dan Girardi.
8:48 of 3rd period - Shot by Alexander Semin.
8:48 of 3rd period - Stopped by Tomas Vokoun without a rebound.
8:49 of 3rd period - Craig Adams wins face-off versus Mathieu Perreault in Rangers zone.
9:16 of 3rd period - Shot by Radim Vrbata.
9:16 of 3rd period - Stopped by James Reimer with a rebound.
9:18 of 3rd period - Shot by Brandon Dubinsky.
9:18 of 3rd period - Deflect By Chris Kunitz.
9:18 of 3rd period - Shot Hit the Post.
9:20 of 3rd period - Shot by Radim Vrbata.
9:20 of 3rd period - Deflect By Chris Kunitz.
9:20 of 3rd period - Stopped by James Reimer with a rebound.
9:22 of 3rd period - Shot by Rob Scuderi.
9:22 of 3rd period - Shot Misses the Net.
9:47 of 3rd period - Off-side.
9:48 of 3rd period - David Legwand wins face-off versus Alexander Semin in neutral zone.
10:22 of 3rd period - Mike Green is hit by Stephane Robidas and loses puck.
10:41 of 3rd period - David Legwand is hit by Alexander Ovechkin and loses puck.
11:12 of 3rd period - Dan Girardi is hit by Alexander Ovechkin and loses puck.
11:28 of 3rd period - Icing by Jiri Tlusty.
11:29 of 3rd period - Brandon Dubinsky wins face-off versus Jiri Tlusty in Capitals zone.
11:43 of 3rd period - Brandon Dubinsky is hit by Jay Harrison and loses puck.
12:05 of 3rd period - Shot by Chris Kunitz.
12:05 of 3rd period - Shot Misses the Net.
12:37 of 3rd period - Minor Penalty to Alexander Semin for Interference.
12:38 of 3rd period - Matt Stajan wins face-off versus Frans Nielsen in Capitals zone.
13:21 of 3rd period - Icing by Ilya Kovalchuk.
13:22 of 3rd period - Frans Nielsen wins face-off versus Matt Stajan in Rangers zone.
13:27 of 3rd period - Shot by Stephane Robidas.
13:27 of 3rd period - Stopped by James Reimer without a rebound.
13:28 of 3rd period - Radim Vrbata wins face-off versus Matt Stajan in Capitals zone.
14:22 of 3rd period - Francois Beauchemin is hit by Marc Methot and loses puck.
14:36 of 3rd period - Troy Brouwer is hit by Ryan McDonagh and loses puck.
15:37 of 3rd period - Mike Green is hit by Stephane Robidas and loses puck.
15:51 of 3rd period - Stephane Robidas is hit by Ryane Clowe and loses puck.
15:59 of 3rd period - Frans Nielsen is hit by Ryan McDonagh and loses puck.
16:04 of 3rd period - Shot by Ilya Kovalchuk.
16:04 of 3rd period - Deflect By Troy Brouwer.
16:04 of 3rd period - Shot Blocked by Mike Green.
16:06 of 3rd period - Shot by Troy Brouwer.
16:06 of 3rd period - Shot Misses the Net.
16:11 of 3rd period - Troy Brouwer is hit by Mike Green and loses puck.
16:51 of 3rd period - Shot by Craig Adams.
16:51 of 3rd period - Stopped by James Reimer without a rebound.
16:52 of 3rd period - Brandon Dubinsky wins face-off versus Jiri Tlusty in Capitals zone.
17:12 of 3rd period - Shot by Jiri Tlusty.
17:12 of 3rd period - Shot Misses the Net.
17:14 of 3rd period - Shot by Alexander Ovechkin.
17:14 of 3rd period - Shot Blocked by Dan Girardi.
17:16 of 3rd period - Shot by Jiri Tlusty.
17:16 of 3rd period - Stopped by Tomas Vokoun without a rebound.
17:17 of 3rd period - Daniel Briere wins face-off versus Frans Nielsen in Rangers zone.
17:46 of 3rd period - Shot by Taylor Hall.
17:46 of 3rd period - Stopped by Tomas Vokoun without a rebound.
17:47 of 3rd period - Brandon Dubinsky wins face-off versus Jiri Tlusty in Rangers zone.
18:13 of 3rd period - Jiri Tlusty is hit by Chris Kunitz and loses puck.
18:52 of 3rd period - Icing by Jay Harrison.
18:53 of 3rd period - David Legwand wins face-off versus Jiri Tlusty in Capitals zone.
19:01 of 3rd period - Icing by Jay Harrison.
19:02 of 3rd period - Frans Nielsen wins face-off versus Jiri Tlusty in Capitals zone.
19:17 of 3rd period - Shot by Alexander Semin.
19:17 of 3rd period - Shot Misses the Net.
19:19 of 3rd period - Shot by Alexander Semin.
19:19 of 3rd period - Shot Misses the Net.
19:29 of 3rd period - Shot by Ryan McDonagh.
19:29 of 3rd period - Stopped by Tomas Vokoun without a rebound.
19:30 of 3rd period - Brandon Dubinsky wins face-off versus Tomas Fleischmann in Rangers zone.
19:30 of 3rd period - Brandon Dubinsky is hit by Ryane Clowe.
19:31 of 3rd period - Minor Penalty to Ryane Clowe for High sticking.
19:32 of 3rd period - Brandon Dubinsky wins face-off versus Matt Stajan in Capitals zone.


Output by the SimonT Hockey Simulator (STHS) for Stephane Roy -- Original Page W3C XHTML 1.0 Valid
Hockey Simulator - Hockey Simulation - Hockey Manager